 Dungeon Crawl Stone Soup version 0.22-a0-305-gd21a89c (webtiles) character file.

121 4thArraOfDagon the Grave Robber (level 4, 0/33 HPs)
             Began as a Demigod Necromancer on Mar 31, 2018.
             Succumbed to a worker ant's poison
             ... on level 4 of the Dungeon.
             The game lasted 00:04:51 (1369 turns).

4thArraOfDagon the Grave Robber (DgNe)              Turns: 1369, Time: 00:04:52

Health: 0/33       AC:  3    Str: 11    XL:     4   Next: 48%
Magic:  2/11       EV: 12    Int: 21    God:
Gold:   119        SH:  0    Dex: 16    Spells: 1/8 levels left

rFire    . . .     SeeInvis .   d - +0 falchion
rCold    . . .     Gourm    .   (no shield)
rNeg     . . .     Faith    .   a - +0 robe
rPois    .         Spirit   .   (no helmet)
rElec    .         Reflect  .   f - +0 cloak
rCorr    .         Harm     .   (no gloves)
MR       .....                  (no boots)
Stlth    ++........             (no amulet)
HPRegen  0.11/turn              (no ring)
MPRegen  0.12/turn              (no ring)

@: lethally poisoned (0 -> -10)
A: high mp 1
a: no special abilities


You were on level 4 of the Dungeon.
You were not hungry.

You visited 1 branch of the dungeon, and saw 5 of its levels.

You collected 119 gold pieces.

Inventory:

Hand Weapons
 d - a +0 falchion (weapon)
Armour
 a - a +0 robe (worn)
 b - a +0 pair of boots
 f - a +0 cloak (worn)
Scrolls
 e - a scroll of enchant armour {unknown}
Comestibles
 c - 5 rations


   Skills:
 - Level 1.7 Dodging
 - Level 1.7 Stealth
 + Level 2.8 Spellcasting
 * Level 5.0 Necromancy


You had one spell level left.
You knew the following spells:

 Your Spells              Type           Power        Failure   Level  Hunger
a - Pain                  Necr           ###.         1%          1    None
b - Vampiric Draining     Necr           ###.......   4%          3    ###....
c - Conjure Flame         Conj/Fire      #.......     38%         3    ###....


Dungeon Overview and Level Annotations

Branches:
Dungeon (5/15)
 Temple: D:4-7


Innate Abilities, Weirdness & Mutations

You have an increased reservoir of magic. (+10% MP)


Message History

Casting: Vampiric Draining (safe; 4% risk of failure)
Confirm with . or Enter, or press ? or * to list all spells.
Aiming: Vampiric Draining (safe; 4% risk of failure)
Press: ? - help, Shift-Dir - straight line, f - worker ant
Aim: a worker ant The worker ant is severely wounded.
You feel life coursing into your body.
You feel sick. The worker ant closely misses you.
You feel sick.
You feel sick. The worker ant bites you.
You are lethally poisoned!
The worker ant poisons you!
You feel sick.
You feel sick.
Found a mace.
You feel sick.
* * * LOW HITPOINT WARNING * * *
You feel sick. The worker ant bites you!
* * * LOW HITPOINT WARNING * * *
You die...

#.# #.#
#.# #.#
#.# #(#
#.#
#.#####
#.#
#...@.#
#.#
#####.#
#.# #a#
#.#
#.###.#
#.....#
#######


You could see a worker ant.

Vanquished Creatures
  A centaur skeleton (D:4)
  Natasha (D:3)
  3 adders
  An adder skeleton (D:4)
  A dart slug (D:1)
  2 leopard geckos (D:1)
  2 orcs
  3 giant cockroaches
  2 goblins (D:1)
  3 hobgoblins (D:1)
  4 kobolds
  A quokka (D:3)
  4 bats (D:1)
  A frilled lizard (D:3)
  4 rats (D:1)
33 creatures vanquished.

Notes
Turn   | Place    | Note
-------+----------+-------------------------------------------
     0 | D:1      | 4thArraOfDagon the Demigod Necromancer began the quest for the Orb.
     0 | D:1      | Reached XP level 1. HP: 14/14 MP: 5/5
   241 | D:1      | Reached XP level 2. HP: 12/20 MP: 5/7
   320 | D:1      | Reached skill level 4 in Necromancy
   862 | D:3      | Reached XP level 3. HP: 11/26 MP: 2/9
   871 | D:3      | Learned a level 3 spell: Vampiric Draining
   933 | D:4      | Noticed a scorpion
   978 | D:4      | Noticed a scorpion
  1034 | D:3      | Noticed Natasha
  1068 | D:3      | Killed Natasha
  1164 | D:4      | Learned a level 3 spell: Conjure Flame
  1174 | D:4      | Reached XP level 4. HP: 13/33 MP: 1/10
  1270 | D:5      | Entered Level 5 of the Dungeon
  1273 | D:5      | Reached skill level 5 in Necromancy
  1279 | D:5      | Found a blossoming altar of Fedhas.
  1367 | D:4      | HP: 1/33 [worker ant (8)]
  1369 | D:4      | Succumbed to a worker ant's poison

Vault maps used:
D:1:      erik_arrival_cave_to_civilisation, serial_bayou_pond_e, minmay_tall_x
D:2:      led_sif_pool, chequers_ecumenical_altar_lobes, uniq_robin
D:3:      xom_butterflies, lemuel_doored_altar, first_ration, uniq_natasha,
          uniq_jessica
D:4:      serial_shops, shop, nicolae_ossuary_entry_ruins
D:5:      minmay_temple_entry_fiery, basic_altar

Skill      XL: |  1  2  3  4 |
---------------+-------------+-----
Spellcasting   | 2 |  2.8
Necromancy     | 4 5 |  5.0
Dodging        | |  1.7
Stealth        | |  1.7

Action                   |  1- 3 |  4- 6 || total
-------------------------+-------+-------++-------
Melee: Unarmed           |    22 |       ||    22
 Cast: Pain              |    45 |     1 ||    46
       Vampiric Draining |     4 |     6 ||    10
       Conjure Flame     |     1 |       ||     1
  Use: Potion            |     2 |     1 ||     3
       Scroll            |     4 |     1 ||     5
  Eat: Chunk             |     2 |     1 ||     3
Armor: Robe              |     5 |    10 ||    15
Dodge: Dodged            |    28 |    34 ||    62
       Rpst.: Falchion   |       |     1 ||     1

Table legend:
 A = Spawn XP
 B = Non-spawn XP
 C = Spawn XP percentage of total XP
 D = Spawn monster count
 E = Non-spawn monster count
 F = Spawn count percentage of total count
 G = Total turns spent on level
                    A         B        C        D         E        F      G
               +---------+---------+-------+---------+---------+-------+---------
         Total |       0 |     173 |   0.0 |       0 |      33 |   0.0 |  1369
               +---------+---------+-------+---------+---------+-------+---------
           D:1 |       0 |      40 |   0.0 |       0 |      21 |   0.0 |   727
           D:2 |       0 |       2 |   0.0 |       0 |       1 |   0.0 |    94
           D:3 |       0 |      56 |   0.0 |       0 |       6 |   0.0 |   247
           D:4 |       0 |      59 |   0.0 |       0 |       3 |   0.0 |   276
           D:5 |       0 |      16 |   0.0 |       0 |       2 |   0.0 |    25
               +---------+---------+-------+---------+---------+-------+---------
